 Dungeon Crawl Stone Soup version 0.28-a0-1206-g193881aaa2 (webtiles) character file.

Game seed: 6895161540103758405

401 lessens the Spear-Bearer (level 6, -2/31 (37) HPs)
             Began as a Tengu Chaos Knight on Dec 21, 2021.
             Was a Plaything of Xom.
             Slain by Sigmund (8 damage)
             ... on level 3 of the Dungeon.
             The game lasted 00:04:12 (3021 turns).

lessens the Spear-Bearer (Tengu Chaos Knight)       Turns: 3021, Time: 00:04:12

HP:   -2/31 (37)    AC:  5    Str: 12      XL:     6   Next: 85%
MP:   7/7           EV: 12    Int: 13      God:    Xom [.....*]
Gold: 47            SH:  0    Dex:  8 (13) Spells: 5/5 levels left

rFire   . . .      SeeInvis .   a - +0 spear (chaos)
rCold   . . .      Faith    .   j - +0 buckler
rNeg    . . .      Spirit   .   b - +2 leather armour
rPois   .          Reflect  .   (helmet restricted)
rElec   .          Harm     .   (no cloak)
rCorr   .          Rampage  .   (no gloves)
Will    .....                   (boots unavailable)
Stlth   ..........              (no amulet)
HPRegen 0.00/turn               (no ring)
MPRegen 0.10/turn               (no ring)

@: confused, flying quickly and evasively, inhibited regen, heavily drained,
quick
A: beak, talons 3, nimble flight, inhibited regeneration, weak 1
a: Renounce Religion


You were on level 3 of the Dungeon.
You worshipped Xom.
You were Xom's teddy bear.
You visited 1 branch of the dungeon, and saw 3 of its levels.

You collected 47 gold pieces.

Inventory:

Hand Weapons
 a - a +0 spear of chaos (weapon)
Missiles
 c - 2 atropa-tipped darts
 d - 58 stones (quivered)
 g - 16 poisoned darts
Armour
 b - a +2 leather armour (worn)
 j - a +0 buckler (worn)
Wands
 i - a wand of mindburst (20)
Scrolls
 f - 3 scrolls of teleportation {unknown}
 h - 2 scrolls of fog {unknown}
 k - a scroll of vulnerability {unknown}
Potions
 e - a potion of curing


   Skills:
 - Level 3.0 Fighting
 + Level 8.2 Polearms
 - Level 2.1 Armour
 - Level 1.1 Dodging


You had 5 spell levels left.
You didn't know any spells.
Your spell library contained the following spells:

 Spells                   Type           Power      Damage    Failure   Level
 Gell's Gravitas          Tloc           0%         N/A       89%         3
 Teleport Other           Tloc           0%         N/A       89%         3
 Dispersal                Tloc           0%         N/A       100%        6


Dungeon Overview and Level Annotations

Branches:
Dungeon (3/15)

Altars:
Xom

Annotations:
D:3 Sigmund, Terence


Innate Abilities, Weirdness & Mutations

You have a beak for a mouth.
You have claws for feet.
Your magical nature lets you fly swiftly and evasively.
You do not regenerate when monsters are visible.
You are weak. (Str -2)


Message History

Things that are here:
a +0 hunting sling; a +0 dagger
There is an open door here.
Items here: ))) ††.
There is an open door here.
There is a stone staircase leading down here.
A kobold comes into view. It is wielding a +0 dagger.
The kobold shouts!
A kobold is nearby!
The kobold throws a stone.
The stone hits you but does no damage.
Sigmund the Dreaded comes into view.
He is wielding a +0 scythe.
Sigmund shouts!
Sigmund drinks a potion.
Sigmund flickers and vanishes!
Deactivating autopickup; reactivate with Ctrl-A.
The kobold throws a stone.
The stone barely misses you.
The kobold throws a stone.
You block the stone.
The kobold throws a stone.
The stone hits you but does no damage.
You reach to attack!
You hit the kobold.
You kill the kobold!
No target in view!
No target in view!
Unknown command.
Unknown command.
No target in view!
No target in view!
No target in view!
Something hits you! Something hits you!
Found a stone staircase leading down.
You hear some strange, mumbled words.
You are confused.
You start waiting.
You hear some strange, mumbled words.
You are more confused.
You start waiting.
Something hits you but does no damage.
You bump into the rock wall.
Something hits you.
* * * LOW HITPOINT WARNING * * *
You bump into the rock wall.
Something hits you!
You die... "I guess I need a new plaything now."

## #.. ##...####
.... ...# #.#
##...##.#### ...
.........@># #.#
#######.##.# #.#
#....#.##.# #.#
#.##.#..#.# #.#
#.#.....#.#
####.####.#.......#
............)######
#####............#
#####........###.#


There were no monsters in sight!

Vanquished Creatures
  Grinder (D:3)
  A howler monkey (D:3)
  Jessica (D:2)
  A gnoll (D:2)
  5 adders
  An orc (D:3)
  4 bats
  3 endoplasms
  3 giant cockroaches
  12 goblins
  10 hobgoblins
  2 quokkas
  A ball python (D:1)
  4 frilled lizards
  7 kobolds
  4 rats
  A spectral hobgoblin (D:1)
61 creatures vanquished.

Vanquished Creatures (collateral kills)
  3 gnolls (D:2)
3 creatures vanquished.

Grand Total: 64 creatures vanquished

Notes
Turn   | Place    | Note
-------+----------+-------------------------------------------
     0 | D:1      | lessens the Tengu Chaos Knight began the quest for the Orb.
     0 | D:1      | Reached XP level 1. HP: 14/14 MP: 2/2
   113 | D:1      | Reached XP level 2. HP: 19/19 MP: 3/3
   248 | D:1      | XOM: silly message
   372 | D:1      | XOM: cast spell 'Cause Fear'
   375 | D:1      | Reached skill level 4 in Polearms
   385 | D:1      | Found a faded altar of an unknown god.
   580 | D:1      | Reached XP level 3. HP: 20/23 MP: 4/4
   865 | D:1      | XOM: noise
   944 | D:1      | XOM: cloud trail
  1032 | D:1      | XOM: divination: detect items
  1038 | D:2      | XOM: silly message
  1068 | D:2      | Reached skill level 5 in Polearms
  1118 | D:2      | Reached XP level 4. HP: 28/28 MP: 5/5
  1205 | D:2      | XOM: summons 4 friendly demons
  1399 | D:2      | XOM: scenery: create altars
  1408 | D:2      | Reached skill level 6 in Polearms
  1584 | D:2      | XOM: god gift: long sword {god gift}
  1758 | D:2      | Noticed Jessica
  1765 | D:2      | Killed Jessica
  1766 | D:2      | Gained mutation: Your magical nature lets you fly swiftly
                  | and evasively. [Tengu growth]
  1766 | D:2      | Reached XP level 5. HP: 23/32 MP: 6/6
  1961 | D:3      | Noticed Grinder
  1966 | D:3      | Gained mutation: You do not regenerate when monsters are
                  | visible. [potion of mutation]
  1966 | D:3      | Gained mutation: You are weak. (Str -2) [potion of
                  | mutation]
  1976 | D:3      | Killed Grinder
  1977 | D:3      | Reached skill level 7 in Polearms
  1977 | D:3      | Reached XP level 6. HP: 23/37 MP: 7/7
  1979 | D:3      | XOM: summons 4 hostile demons
  2407 | D:3      | Reached skill level 8 in Polearms
  2418 | D:3      | Noticed Terence
  2640 | D:3      | XOM: draining
  3003 | D:3      | Noticed Sigmund
  3021 | D:3      | Slain by Sigmund

Illustrated notes

Levels and vault maps discovered:
D:1:      lightli_arrival_flooded_house, layout_basic,
          dreamdust_ecumenical_altar_drowned_temple
D:2:      layout_basic, minmay_misc_feat_square, uniq_jessica
D:3:      cheibrodos_greedy_goblins, layout_basic,
          ebering_dispersal_statue_hall, uniq_sigmund, uniq_grinder,
          uniq_terence

Skill      XL: |  1  2  3  4  5  6 |
---------------+-------------------+-----
Polearms       | 4 5 6 7 8 |  8.2
Fighting       | |  3.0
Armour         | |  2.1
Dodging        | |  1.1

Action                   |  1- 3 |  4- 6 || total
-------------------------+-------+-------++-------
Melee: Spear             |    76 |   125 ||   201
       Kick              |    13 |    19 ||    32
       Peck              |     6 |     8 ||    14
  Use: Potion            |     2 |     5 ||     7
 Stab: Sleeping          |     1 |       ||     1
       Distracted        |       |     1 ||     1
Armor: Leather armour    |    15 |    60 ||    75
Dodge: Dodged            |    28 |    88 ||   116
Block: Buckler           |       |    11 ||    11

Table legend: (Time is in decaauts)
 A = Elapsed time spent in this place.
 B = Non-inter-level travel time spent in this place.
 C = Inter-level travel time spent in this place.
 D = Time resting spent in this place.
 E = Time spent auto-exploring this place.
 F = Levels seen in this place.
 G = Mean time per level.
                   A        B        C        D        E       F      G
               +--------+--------+--------+--------+--------+-----+--------+
         Total |   2947 |   2852 |     95 |    526 |   1861 |   3 |  982.3 |
       Dungeon |   2947 |   2852 |     95 |    526 |   1861 |   3 |  982.3 |
               +--------+--------+--------+--------+--------+-----+--------+

Top non-repeatable levels by time:
     D:2: 1227 daAuts
     D:1: 1024 daAuts
     D:3: 696 daAuts
